 Dungeon Crawl Stone Soup version 0.24.0-1-gfbc8707 (webtiles) character file.

Game seed: 10316643056988210575, levelgen mode: deterministic

1428 Illumine the Shield-Bearer (level 8, -2/67 HPs)
             Began as a Gnoll Fighter on Nov 9, 2019.
             Was a Follower of Okawaru.
             Slain by a two-headed ogre
             ... wielding a +0 giant club
              (16 damage)
             ... on level 5 of the Dungeon.
             The game lasted 00:08:39 (4085 turns).

Illumine the Shield-Bearer (Gnoll Fighter)          Turns: 4085, Time: 00:08:39

Health: -2/67      AC: 16    Str: 19    XL:     8   Next: 72%
Magic:  13/13      EV: 13    Int: 11    God:    Okawaru [*.....]
Gold:   217        SH: 11    Dex: 16    Spells: 13/13 levels left

rFire    . . .     SeeInvis .   q - +1 short sword (vamp)
rCold    . . .     Gourm    .   c - +0 shield
rNeg     . . .     Faith    .   D - +1 chain mail
rPois    +         Spirit   .   F - +0 helmet
rElec    .         Reflect  .   (no cloak)
rCorr    .         Harm     .   p - +2 pair of gloves
MR       .....                  (no boots)
Stlth    ..........             (no amulet)
HPRegen  0.21/turn              H - ring of poison resistance (curse)
MPRegen  0.13/turn              k - +5 ring of evasion

@: no status effects
A: distributed training, fangs 1, strong nose
a: Heroism, Renounce Religion


You were on level 5 of the Dungeon.
You worshipped Okawaru.
Okawaru was aware of your devotion.
You were not hungry.

You visited 2 branches of the dungeon, and saw 7 of its levels.

You collected 217 gold pieces.

Inventory:

Hand Weapons
 a - a +0 long sword
 q - a +1 vampiric short sword (weapon)
 v - a +2 hunting sling of flaming
 I - a +0 arbalest
Missiles
 x - 4 silver boomerangs (quivered)
 y - 68 arrows
 A - 13 sling bullets
 E - 24 bolts
Armour
 c - a +0 shield (worn)
 p - a +2 pair of gloves (worn)
 D - a +1 chain mail (worn)
 F - a +0 helmet (worn)
Jewellery
 h - a +2 ring of strength
 k - a +5 ring of evasion (right hand)
 m - an uncursed amulet of faith
 n - an uncursed ring of protection from fire
 t - an uncursed ring of resist corrosion
 u - an uncursed ring of fire
 H - a cursed ring of poison resistance (left hand)
Wands
 s - a wand of iceblast (3)
Scrolls
 b - a scroll of magic mapping {unknown}
 i - a scroll of blinking
 l - a scroll of silence {unknown}
 w - 3 scrolls of enchant armour
 J - a scroll of remove curse {unknown}
Potions
 d - a potion of might
 e - a potion of cancellation
 g - a potion of brilliance {unknown}
 j - a potion of lignification {unknown}
 o - a potion of heal wounds
 r - 2 potions of agility
 z - a potion of magic {unknown}
 C - 3 potions of curing {unknown}
 G - 2 potions of haste {unknown}
 K - a potion of flight {unknown}
Comestibles
 f - 12 rations


   Skills:
 + Level 7.4 Fighting
 + Level 3.4 Short Blades
 + Level 5.8 Long Blades
 + Level 3.4 Axes
 + Level 3.4 Maces & Flails
 + Level 3.4 Polearms
 + Level 3.4 Staves
 + Level 3.4 Slings
 + Level 3.4 Bows
 + Level 3.4 Crossbows
 + Level 3.4 Throwing
 + Level 7.4 Armour
 + Level 3.4 Dodging
 + Level 3.4 Stealth
 + Level 7.4 Shields
 + Level 3.4 Unarmed Combat
 + Level 3.4 Spellcasting
 + Level 2.8 Conjurations
 + Level 2.8 Hexes
 + Level 2.8 Charms
 + Level 2.8 Summonings
 + Level 2.8 Necromancy
 + Level 2.8 Translocations
 + Level 2.8 Transmutations
 + Level 2.8 Fire Magic
 + Level 2.8 Ice Magic
 + Level 2.8 Air Magic
 + Level 2.8 Earth Magic
 + Level 2.8 Poison Magic
 + Level 3.8 Invocations
 + Level 3.4 Evocations


You had 13 spell levels left.
You didn't know any spells.
Your spell library was empty.

Dungeon Overview and Level Annotations

Branches:
Dungeon (6/15)             Temple (1/1) D:6

Altars:
Ashenzari
Cheibriados
Dithmenos
Elyvilon
Hepliaklqana
Makhleb
Okawaru
Qazlal
Ru
Sif Muna
Wu Jian
Zin
The Shining One

Shops:
D:4 =   D:6 }


Innate Abilities, Weirdness & Mutations

Your experience applies equally to all skills.
You have very sharp teeth.
Your uncanny sense of smell can sniff out nearby items.


Message History

You block the two-headed ogre's attack.
The two-headed ogre hits you with a cursed +0 giant club!
You hit the two-headed ogre but do no damage.
Your bite misses the two-headed ogre.
The two-headed ogre is severely wounded.
The two-headed ogre hits you with a +0 giant club!
The two-headed ogre closely misses you.
You hit the two-headed ogre.
The two-headed ogre is severely wounded.
You block the two-headed ogre's attack.
The two-headed ogre hits you with a cursed +0 giant club!!
* * * LOW HITPOINT WARNING * * *
You hit the two-headed ogre but do no damage.
The two-headed ogre is severely wounded.
You hit the two-headed ogre.
You bite the two-headed ogre, but do no damage.
The two-headed ogre is severely wounded.
You block the two-headed ogre's attack.
The two-headed ogre hits you with a cursed +0 giant club!
You die...

########## ############
#........ # #..........#
#......####.#
....#..........#
#...........# ...
#..........####..._.......#
...
..........lO@..>..........#
...
#..........#####.....####.
.#'##..........# #######
.#.............#
.#.##..........#
.#.##..........#
.#.##..........#
.#.##..........#
.#.##..........#


You could see a two-headed ogre and a leopard gecko.

Vanquished Creatures
  Sigmund (D:5)
  A sky beast (D:6)
  A centaur (D:6)
  3 ogres
  A scorpion (D:4)
  A bullfrog zombie (D:4)
  A howler monkey (D:6)
  3 orc priests
  3 hounds
  A gnoll shaman (D:4)
  A bullfrog skeleton (D:4)
  2 iguanas
  4 orc wizards
  4 worker ants
  A worker ant zombie (D:5)
  5 gnolls
  9 adders
  An adder skeleton (D:4)
  3 worms
  3 dart slugs
  2 leopard geckos
  13 orcs
  6 bats
  4 giant cockroaches
  2 goblins
  4 hobgoblins
  8 jackals
  A quokka (D:2)
  A ball python (D:2)
  2 frilled lizards (D:1)
  8 kobolds
  A quokka zombie (D:5)
  8 rats
109 creatures vanquished.

Notes
Turn   | Place    | Note
-------+----------+-------------------------------------------
     0 | D:1      | Illumine the Gnoll Fighter began the quest for the Orb.
     0 | D:1      | Reached XP level 1. HP: 23/23 MP: 1/1
    70 | D:1      | Reached XP level 2. HP: 29/29 MP: 2/2
   606 | D:2      | Reached XP level 3. HP: 28/35 MP: 3/3
   764 | D:2      | Reached skill level 1 in Invocations
   868 | D:2      | Reached skill level 1 in Short Blades
   868 | D:2      | Reached skill level 1 in Axes
   868 | D:2      | Reached skill level 1 in Maces & Flails
   868 | D:2      | Reached skill level 1 in Polearms
   868 | D:2      | Reached skill level 1 in Staves
   868 | D:2      | Reached skill level 1 in Slings
   868 | D:2      | Reached skill level 1 in Bows
   868 | D:2      | Reached skill level 1 in Crossbows
   868 | D:2      | Reached skill level 1 in Throwing
   868 | D:2      | Reached skill level 1 in Dodging
   868 | D:2      | Reached skill level 1 in Stealth
   868 | D:2      | Reached skill level 1 in Unarmed Combat
   868 | D:2      | Reached skill level 1 in Spellcasting
   868 | D:2      | Reached skill level 1 in Evocations
   986 | D:2      | Reached XP level 4. HP: 41/41 MP: 5/5
  1290 | D:3      | Found a burning altar of Makhleb.
  1401 | D:3      | Reached skill level 1 in Conjurations
  1401 | D:3      | Reached skill level 1 in Hexes
  1401 | D:3      | Reached skill level 1 in Charms
  1401 | D:3      | Reached skill level 1 in Summonings
  1401 | D:3      | Reached skill level 1 in Necromancy
  1401 | D:3      | Reached skill level 1 in Translocations
  1401 | D:3      | Reached skill level 1 in Transmutations
  1401 | D:3      | Reached skill level 1 in Fire Magic
  1401 | D:3      | Reached skill level 1 in Ice Magic
  1401 | D:3      | Reached skill level 1 in Air Magic
  1401 | D:3      | Reached skill level 1 in Earth Magic
  1401 | D:3      | Reached skill level 1 in Poison Magic
  1730 | D:3      | Reached XP level 5. HP: 22/47 MP: 5/7
  2041 | D:4      | Reached XP level 6. HP: 47/53 MP: 8/8
  2072 | D:4      | Reached skill level 5 in Long Blades
  2161 | D:4      | Found Ciem's Jewellery Emporium.
  2358 | D:4      | Reached XP level 7. HP: 55/59 MP: 10/10
  2792 | D:5      | Entered Level 5 of the Dungeon
  2874 | D:5      | Noticed a two-headed ogre
  2876 | D:5      | Found a hazy altar of Hepliaklqana.
  2885 | D:6      | Found a staircase to the Ecumenical Temple.
  2906 | D:6      | Found Rut Xuk's Gadget Shop.
  2953 | Temple   | Entered the Ecumenical Temple
  3055 | Temple   | Became a worshipper of Warmaster Okawaru
  3330 | D:6      | Reached XP level 8. HP: 60/67 MP: 12/12
  3687 | D:5      | Noticed Sigmund
  3888 | D:5      | Reached * piety under Okawaru
  3908 | D:5      | Killed Sigmund
  4085 | D:5      | Slain by a two-headed ogre

Levels and vault maps discovered:
D:1:      dpeg_arrival_signposts, layout_basic
D:2:      layout_basic
D:3:      layout_rooms, bloody_makhleb, first_ration
D:4:      layout_basic, serial_shops, shop
D:5:      layout_basic, basic_altar, uniq_sigmund
D:6:      layout_loops_cross, minmay_temple_entry_stoned_glass, serial_shops,
          nicolae_shop_statue_plus
Temple:   kilobyte_greek_temple

Skill      XL: |  1  2  3  4  5  6  7  8 |
---------------+-------------------------+-----
Invocations    | 1 2 3 |  3.8
Short Blades   | 1 2 3 |  3.4
Axes           | 1 2 3 |  3.4
Maces & Flails | 1 2 3 |  3.4
Polearms       | 1 2 3 |  3.4
Staves         | 1 2 3 |  3.4
Slings         | 1 2 3 |  3.4
Bows           | 1 2 3 |  3.4
Crossbows      | 1 2 3 |  3.4
Throwing       | 1 2 3 |  3.4
Dodging        | 1 2 3 |  3.4
Stealth        | 1 2 3 |  3.4
Unarmed Combat | 1 2 3 |  3.4
Spellcasting   | 1 2 3 |  3.4
Evocations     | 1 2 3 |  3.4
Conjurations   | 1 2 |  2.8
Hexes          | 1 2 |  2.8
Charms         | 1 2 |  2.8
Summonings     | 1 2 |  2.8
Necromancy     | 1 2 |  2.8
Translocations | 1 2 |  2.8
Transmutations | 1 2 |  2.8
Fire Magic     | 1 2 |  2.8
Ice Magic      | 1 2 |  2.8
Air Magic      | 1 2 |  2.8
Earth Magic    | 1 2 |  2.8
Poison Magic   | 1 2 |  2.8
Long Blades    | 5 |  5.8
Fighting       | 7 |  7.4
Armour         | 7 |  7.4
Shields        | 7 |  7.4

Action                   |  1- 3 |  4- 6 |  7- 9 || total
-------------------------+-------+-------+-------++-------
Melee: Long sword        |    76 |       |       ||    76
       Bite              |     9 |    19 |    48 ||    76
       Short sword       |     4 |   204 |   301 ||   509
Throw: Boomerang         |       |       |     2 ||     2
       Throwing net      |       |       |     1 ||     1
  Use: Scroll            |       |     1 |     8 ||     9
  Eat: Chunk             |       |     5 |     6 ||    11
Armor: Scale mail        |    34 |    39 |       ||    73
       Chain mail        |       |    53 |    83 ||   136
Dodge: Dodged            |    19 |   110 |   118 ||   247
Block: Shield            |    42 |   147 |   152 ||   341
       Rpst.: Long sword |     4 |       |       ||     4
